 Dungeon Crawl Stone Soup version 0.24-a0-249-g2af7e83 (webtiles) character file.

Game seed: 7367092782945532080

49610 Lanoc the Brawler (level 14, -8/143 HPs)
             Began as a Troll Monk on Apr 13, 2019.
             Was an Elder of the Shining One.
             Mangled by a very large slime creature (40 damage)
             ... on level 1 of the Pits of Slime on Apr 14, 2019.
             The game lasted 00:31:22 (10949 turns).

Lanoc the Brawler (Troll Monk)                     Turns: 10949, Time: 00:31:23

Health: -8/143     AC: 11    Str: 22    XL:     14   Next: 16%
Magic:  11/11      EV: 17    Int:  4    God:    the Shining One [****..]
Gold:   1227       SH: 12    Dex: 16    Spells: 13/13 levels left

rFire    . . .     SeeInvis +     - Unarmed
rCold    . . .     Gourm    +   e - +1 shield
rNeg     + + .     Faith    .   a - +0 robe
rPois    +         Spirit   .   I - +2 hat
rElec    .         Reflect  .   y - +2 cloak of the Thief {+Fog Slay-2 SInv Stlth+}
rCorr    +         Harm     .   (gloves unavailable)
MR       +++..                  (boots unavailable)
Stlth    +.........             N - amulet of the Camelopard {MR+ Regen+}
HPRegen  1.13/turn              q - ring of poison resistance
MPRegen  0.12/turn              E - ring of resist corrosion

@: hasted, glowing, very quick
A: large, unfitting armour, claws 3, hooves 1, dopey 1, fast metabolism 3,
gourmand, low mp 1, magic resistance 1, regeneration 1, shaggy fur 1, tough skin
3, evolution 1
a: Divine Shield, Cleansing Flame, Renounce Religion, Evoke Fog


You were on level 1 of the Pits of Slime.
You worshipped the Shining One.
The Shining One was greatly pleased with you.
You were full.

You visited 4 branches of the dungeon, and saw 17 of its levels.

You collected 1227 gold pieces.

Inventory:

Missiles
 c - 5 curare-tipped needles
 P - 2 large rocks (quivered)
Armour
 a - a +0 robe (worn)
 e - a +1 shield (worn)
 y - the +2 cloak of the Thief (worn) {+Fog Slay-2 SInv Stlth+}
   (You found it on level 3 of the Lair of Beasts)

   It affects your accuracy and damage with ranged weapons and melee attacks
   (-2).
   It lets you see invisible.
   It makes you more stealthy.
 I - a +2 hat (worn)
Jewellery
 l - an uncursed amulet of faith
 q - a ring of poison resistance (left claw)
 v - a cursed amulet of inaccuracy {unknown}
 z - a +3 ring of strength
 E - a ring of resist corrosion (right claw)
 N - the amulet of the Camelopard (around neck) {MR+ Regen+}
   (You found it on level 5 of the Lair of Beasts)

   [amulet of regeneration]

   It affects your resistance to hostile enchantments.
   It increases your rate of regeneration.
Wands
 x - a wand of digging (5)
 J - a wand of polymorph (1)
 K - a wand of paralysis (6)
Scrolls
 d - 7 scrolls of remove curse
 h - 2 scrolls of fear
 i - a scroll of noise {unknown}
 j - a scroll of blinking {unknown}
 m - 2 scrolls of enchant weapon {unknown}
 n - a scroll of enchant armour
 r - 3 scrolls of amnesia
 s - 2 scrolls of teleportation
 u - 2 scrolls of magic mapping
 w - a scroll of random uselessness {unknown}
 C - 2 scrolls of fog
 F - a scroll of summoning {unknown}
 H - a scroll of vulnerability {unknown}
 M - a scroll of holy word {unknown}
 O - 3 scrolls of acquirement {unknown}
Potions
 g - 9 potions of curing
 k - a potion of invisibility
 o - a potion of lignification
 p - a potion of might
 A - 3 potions of flight
 B - a potion of magic
 D - a potion of ambrosia
 L - a potion of brilliance
Miscellaneous
 G - a sack of spiders
Comestibles
 b - 27 rations


   Skills:
 + Level 10.0 Fighting
 + Level 10.0 Dodging
 - Level 1.0 Stealth
 - Level 9.0 Shields
 * Level 15.6 Unarmed Combat


You had 13 spell levels left.
You didn't know any spells.
Your spell library contained the following spells:

 Spells                   Type           Power        Failure   Level  Hunger
 Confusing Touch          Hex            #.....       50%         1    ##.....
 Sandblast                Erth           #.....       50%         1    ##.....
 Passwall                 Tmut/Erth      #.......     65%         2    ###....
 Confuse                  Hex            #.......     86%         3    ####...
 Gell's Gravitas          Tloc           #.........   86%         3    ####...
 Stone Arrow              Conj/Erth      #.....       86%         3    ####...
 Petrify                  Tmut/Erth      #.......     99%         4    #####..
 Lee's Rapid Deconstruct  Erth           #.........   100%        5    ######.
 Metabolic Englaciation   Hex/Ice        #.........   100%        5    ######.
 Yara's Violent Unravell  Hex/Tmut       #.........   100%        5    ######.


Dungeon Overview and Level Annotations

Branches:
Dungeon (8/15)             Temple (1/1) D:7            Lair (6/6) D:8
  Swamp (0/4) Lair:4        Slime (2/5) Lair:5
  Snake: Lair:2-4    Spider: Lair:2-4

Altars:
Cheibriados
Dithmenos
Elyvilon
Fedhas
Gozag
Hepliaklqana
Kikubaaqudgha
Makhleb
Nemelex Xobeh
Okawaru
Qazlal
Ru
Sif Muna
Trog
Uskayaw
Vehumet
Wu Jian
Xom
Yredelemnul
Zin
The Shining One

Shops:
D:6 %

Annotations:
Lair:3 1 runed translucent door


Innate Abilities, Weirdness & Mutations

You are too large for most types of armour.
You have claws for hands.
Your metabolism is lightning-fast.
You like to eat raw meat.
Your natural rate of healing is unusually fast.
You are covered in fur. (AC +1)
You have extremely tough skin. (AC +3)
You have large cloven feet.
You are dopey. (Int -2)
Your magical capacity is low. (-10% MP)
You are resistant to hostile enchantments. (MR+)
You evolve.


Message History

The slime creature hits you!!
* * * LOW HITPOINT WARNING * * *
Two slime creatures merge to form a very large slime creature.
Two slime creatures merge to form a large slime creature.
The slime creature hits you!
* * * LOW HITPOINT WARNING * * *
Okay, then.
Unknown command.
You feel yourself speed up. You block the slime creature's attack.
The slime creature hits you.
* * * LOW HITPOINT WARNING * * *
You are splashed with acid.
You resist.
* * * LOW HITPOINT WARNING * * *
Okay, then.
Unknown command.
A large slime creature splits.
Okay, then.
Unknown command.
The very large slime creature hits you!!!
You die...

### ####.### ##.#....###
## ##...#.....##.##
##.####....##........#
#....#.........#.#..##
#.........@...##.. #
#####.........J...##.# #
##.##.........JJ....###
.##.^.................##
..#..#......#....J.....#
.............#...J#.#.##
#.#................####
..#.................##
...#........>........#


You could see a very large slime creature and 4 slime creatures.

Vanquished Creatures
  2 acid blobs
  An azure jelly (Lair:5)
  A ghost moth (Lair:6)
  A great orb of eyes (Lair:5)
  A merfolk avatar (Lair:6)
  2 two-headed ogres (D:8)
  6 death yaks
  A sea snake (Lair:6)
  Pikel (D:7)
  2 harpies (Lair:6)
  2 shining eyes
  3 manticores (Lair:6)
  5 black mambas
  15 elephants
  An eye of devastation (Slime:1)
  7 spiny frogs
  2 torpor snails (Lair:6)
  6 rime drakes
  4 komodo dragons
  A troll (D:6)
  Grinder (D:5)
  A polar bear (Lair:1)
  26 slime creatures
  A hornet (Lair:6)
  14 blink frogs
  6 hippogriffs
  Sigmund (D:6)
  32 yaks
  4 wyverns (Lair:6)
  A basilisk (Lair:4)
  A hungry ghost (D:7)
  Edmund (D:5)
  11 water moccasins
  Duvessa (D:6)
  2 porcupines (Lair:5)
  A slave (D:7)
  2 ice beasts
  A black bear (Lair:3)
  An eye of draining (Lair:5)
  A phantom (D:4)
  3 ogres
  6 wolves (Lair:1)
  14 crocodiles
  14 bullfrogs
  2 scorpions
  Dowan (D:6)
  10 killer bees (D:8)
  3 wights (D:6)
  3 electric eels
  A crimson imp (D:5)
  2 orc priests (D:8)
  2 hounds (D:6)
  4 jellies (Lair:5)
  A centaur skeleton (D:4)
  An iguana (D:8)
  5 worker ants
  A killer bee zombie (D:5)
  2 hound zombies
  A worker ant zombie (D:7)
  12 gnolls
  11 adders
  6 oozes
  An adder zombie (D:7)
  A worm (D:3)
  A dart slug (D:1)
  4 leopard geckos
  2 orcs
  2 ball pythons
  A giant cockroach (D:2)
  5 hobgoblins
  8 jackals
  11 kobolds
  4 quokkas
  4 bats (D:3)
  3 frilled lizards
  6 goblins
  A leopard gecko skeleton (D:4)
  8 rats
340 creatures vanquished.

Vanquished Creatures (others)
  2 elephants (Lair:5)
  2 jackals (D:7)
  A jackal zombie (D:7)
  10 fungi
  34 plants
49 creatures vanquished.

Grand Total: 389 creatures vanquished

Notes
Turn   | Place    | Note
-------+----------+-------------------------------------------
     0 | D:1      | Lanoc the Troll Monk began the quest for the Orb.
     0 | D:1      | Reached XP level 1. HP: 22/22 MP: 0/0
     2 | D:1      | Noticed a halfling
     2 | D:1      | Noticed a troll
     4 | D:1      | Noticed a ghoul
     6 | D:1      | Noticed a felid
     6 | D:1      | Noticed a draconian
     8 | D:1      | Noticed a centaur
     8 | D:1      | Noticed a spriggan
    10 | D:1      | Noticed a demigod
    10 | D:1      | Noticed a human
    12 | D:1      | Noticed an ogre
    14 | D:1      | Noticed an elf
    14 | D:1      | Noticed a minotaur
    16 | D:1      | Noticed a merfolk
    16 | D:1      | Noticed a vampire
    18 | D:1      | Noticed a gargoyle
    20 | D:1      | Noticed a demonspawn
    20 | D:1      | Noticed a formicid
    22 | D:1      | Noticed an octopode
    24 | D:1      | Noticed a dwarf
    24 | D:1      | Noticed a vine stalker
    26 | D:1      | Noticed a tengu
    26 | D:1      | Noticed a naga
    81 | D:1      | Reached XP level 2. HP: 24/29 MP: 1/1
   176 | D:2      | Reached XP level 3. HP: 33/36 MP: 2/2
   248 | D:2      | Reached skill level 4 in Unarmed Combat
   301 | D:2      | Reached XP level 4. HP: 44/44 MP: 3/3
   561 | D:2      | Found a sparkling altar of Nemelex Xobeh.
   729 | D:3      | Found an iron altar of Okawaru.
   854 | D:3      | Found a shadowy altar of Dithmenos.
   859 | D:3      | Found a hide-covered altar of Uskayaw.
   982 | D:3      | Reached XP level 5. HP: 53/53 MP: 4/4
  1290 | D:4      | Found a burning altar of Makhleb.
  1342 | D:4      | Noticed an ogre
  1349 | D:4      | Killed an ogre
  1349 | D:4      | Reached skill level 1 in Shields
  1360 | D:4      | Noticed an ogre
  1398 | D:4      | Killed an ogre
  1398 | D:4      | Reached skill level 5 in Unarmed Combat
  1398 | D:4      | Reached XP level 6. HP: 22/61 MP: 5/5
  1720 | D:4      | Found a glowing silver altar of Zin.
  1720 | D:4      | Found a shimmering altar of Xom.
  1720 | D:4      | Noticed an angel
  1882 | D:4      | Found an ornate altar of the Wu Jian Council.
  2287 | D:5      | Entered Level 5 of the Dungeon
  2291 | D:5      | Found a radiant altar of Vehumet.
  2299 | D:5      | Reached XP level 7. HP: 67/68 MP: 6/6
  2437 | D:5      | Found a bloodstained altar of Trog.
  2471 | D:5      | Noticed Edmund
  2490 | D:5      | Killed Edmund
  2490 | D:5      | Reached skill level 6 in Unarmed Combat
  2671 | D:5      | Noticed Grinder
  2676 | D:5      | Paralysed by Grinder for 7 turns
  2687 | D:5      | Killed Grinder
  3072 | D:6      | Reached XP level 8. HP: 78/78 MP: 7/7
  3077 | D:6      | Noticed a troll
  3089 | D:6      | Killed a troll
  3089 | D:6      | Reached skill level 7 in Unarmed Combat
  3414 | D:6      | Noticed Sigmund
  3418 | D:6      | Killed Sigmund
  3444 | D:6      | Noticed Duvessa
  3445 | D:6      | Noticed Dowan
  3454 | D:6      | Killed Dowan
  3457 | D:6      | Killed Duvessa
  3457 | D:6      | Reached skill level 8 in Unarmed Combat
  3473 | D:6      | Found Uleom's Food Boutique.
  3637 | D:6      | Reached skill level 5 in Fighting
  3637 | D:6      | Reached skill level 5 in Dodging
  3642 | D:6      | Reached XP level 9. HP: 87/88 MP: 8/8
  3803 | D:7      | Noticed Pikel
  3827 | D:7      | Killed Pikel
  3968 | D:7      | Reached skill level 9 in Unarmed Combat
  4051 | D:7      | Found a staircase to the Ecumenical Temple.
  4060 | Temple   | Entered the Ecumenical Temple
  4171 | Temple   | Became a worshipper of the Shining One
  4171 | Temple   | Reached * piety under the Shining One
  4171 | Temple   | Reached ** piety under the Shining One
  4287 | D:7      | Found a hazy altar of Hepliaklqana.
  4451 | D:7      | Found a stormy altar of Qazlal.
  4649 | D:8      | Found a staircase to the Lair.
  4683 | D:8      | Reached skill level 5 in Shields
  4715 | D:8      | Noticed a two-headed ogre
  4722 | D:8      | Killed a two-headed ogre
  4722 | D:8      | Reached skill level 10 in Unarmed Combat
  4722 | D:8      | Reached XP level 10. HP: 48/98 MP: 9/9
  5060 | D:8      | Noticed a two-headed ogre
  5067 | D:8      | Killed a two-headed ogre
  5419 | Lair:1   | Entered Level 1 of the Lair of Beasts
  5429 | Lair:1   | Reached *** piety under the Shining One
  5583 | Lair:1   | Noticed a spiny frog
  5598 | Lair:1   | Killed a spiny frog
  5598 | Lair:1   | Reached skill level 11 in Unarmed Combat
  5727 | Lair:1   | Got a pitted hand axe
  5728 | Lair:1   | Identified the cursed +2 hand axe of Turmoil {chop, rElec}
                  | (You found it on level 1 of the Lair of Beasts)
  5867 | Lair:1   | Reached XP level 11. HP: 77/107 MP: 10/10
  6078 | Lair:1   | Noticed a five-headed hydra
  6326 | Lair:2   | Noticed a six-headed hydra
  6368 | Lair:3   | Found the +2 cloak of the Thief {+Fog Slay-2 SInv Stlth+}
  6618 | Lair:3   | Noticed a seven-headed hydra
  6645 | Lair:3   | Found a runed translucent door.
  6677 | Lair:4   | Found a staircase to the Swamp.
  6678 | Lair:4   | Reached **** piety under the Shining One
  6685 | Lair:4   | Reached skill level 12 in Unarmed Combat
  7245 | Lair:4   | Reached XP level 12. HP: 107/119 MP: 11/11
  7475 | Lair:5   | Noticed a death yak
  7477 | Lair:5   | Noticed a death yak
  7478 | Lair:5   | Noticed a death yak
  7484 | Lair:5   | Noticed a death yak
  7492 | Lair:4   | Killed a death yak
  7567 | Lair:4   | Killed a death yak
  7642 | Lair:4   | Killed a death yak
  7654 | Lair:5   | Killed a death yak
  7654 | Lair:5   | Reached skill level 13 in Unarmed Combat
  7719 | Lair:5   | Got a slimy garnet amulet
  7723 | Lair:5   | Identified the amulet of the Camelopard {MR+ Regen+} (You
                  | found it on level 5 of the Lair of Beasts)
  7948 | Lair:5   | Found a staircase to the Slime Pits.
  8455 | Slime:1  | Entered Level 1 of the Pits of Slime
  8455 | Slime:1  | Noticed a great orb of eyes
  8672 | Lair:5   | Killed a great orb of eyes
  8692 | Slime:1  | Gained mutation: Your spells are a little easier to cast,
                  | but a little less powerful. [a shining eye]
  8721 | Slime:1  | Noticed an acid blob
  8727 | Slime:1  | Gained mutation: Your body sometimes deteriorates upon
                  | taking damage. [a shining eye]
  8740 | Lair:5   | Killed an acid blob
  8740 | Lair:5   | Reached skill level 14 in Unarmed Combat
  8740 | Lair:5   | Reached XP level 13. HP: 50/131 MP: 12/12
  8817 | Slime:1  | Gained mutation: Your magical capacity is low. (-10% MP) [a
                  | shining eye]
  9009 | Lair:5   | Lost mutation: Your body sometimes deteriorates upon taking
                  | damage. [potion of mutation]
  9009 | Lair:5   | Lost mutation: Your magical capacity is low. (-10% MP)
                  | [potion of mutation]
  9009 | Lair:5   | Lost mutation: Your spells are a little easier to cast, but
                  | a little less powerful. [potion of mutation]
  9009 | Lair:5   | Gained mutation: You are dopey. (Int -2) [potion of
                  | mutation]
  9009 | Lair:5   | Gained mutation: You are resistant to hostile enchantments.
                  | (MR+) [potion of mutation]
  9009 | Lair:5   | Gained mutation: Your magical capacity is low. (-10% MP)
                  | [potion of mutation]
  9009 | Lair:5   | Gained mutation: You evolve. [potion of mutation]
  9143 | Slime:1  | Noticed an azure jelly
  9194 | Lair:5   | HP: 3/131 [azure jelly (23)]
  9365 | Lair:6   | Entered Level 6 of the Lair of Beasts
  9775 | Lair:6   | Reached skill level 15 in Unarmed Combat
  9983 | Lair:6   | Noticed a ghost moth
  9983 | Lair:6   | a seven-headed hydra changed into a ghost moth
  9997 | Lair:6   | Killed a ghost moth
 10418 | Lair:6   | Gained mutation: You have large cloven feet. [evolution]
 10439 | Lair:6   | Reached XP level 14. HP: 93/141 MP: 11/11
 10518 | Lair:5   | Killed an azure jelly
 10518 | Lair:5   | Reached skill level 10 in Fighting
 10645 | Slime:1  | Noticed an acid blob
 10659 | Slime:1  | Killed an acid blob
 10659 | Slime:1  | Reached skill level 10 in Dodging
 10949 | Slime:1  | Mangled by a very large slime creature

Levels and vault maps discovered:
D:1:      kb_arrival_jail, layout_basic, minmay_misc_feat_more_columns
D:2:      layout_rooms, lemuel_doored_altar, minmay_unequal
D:3:      layout_loops_corners, grunt_temple_overflow_open,
          kennysheep_okawaru_gauntlet
D:4:      layout_basic, grunt_temple_overflow_order_and_chaos_1,
          nicolae_overflow_crystal_walls, lemuel_coloured_pillars_altar
D:5:      layout_rooms, kennysheep_little_box, overflow_temple_1_default,
          first_ration, roderic_lattice_a, uniq_edmund, uniq_grinder
D:6:      layout_basic, serial_shops, nicolae_shop_statue_plus, uniq_duvessa,
          uniq_sigmund
D:7:      layout_loops_cross, marbit_many_paths,
          minmay_temple_entry_sparse_star, nicolae_qazlal_style_of_elements,
          uniq_pikel
D:8:      layout_loops_corners, david_lair_generic
Temple:   compressed_dpeg_circular_temple
Lair:1:   layout_layer_cave, chequers_serial_rivers_micro_b,
          infiniplex_staircase_pool, grunt_megastairs_5
Lair:2:   layout_chaotic_city, cheibrodos_lair_reptile_den, uniq_fannar
Lair:3:   layout_chaotic_city, minmay_snake_entry_guardpost_medium,
          ebering_ghost_inner_flame, grunt_megastairs_4, serial_bayou_shore_a
Lair:4:   layout_loops_ring, swamp_mist, serial_bayou_lagoon_a,
          chequers_serial_rivers_micro_d, chequers_serial_rivers_micro_e
Lair:5:   layout_loops_ring, nicolae_slime_entry_slimehenge, minivault_23
Lair:6:   gammafunk_lair_ancient_temple, layout_small_grid,
          grunt_forest_small_clearings, chequers_serial_rivers_micro_d,
          st_stairs_11
Slime:1:  layout_caves
Slime:2:  layout_caves, cheibrodos_slime_lost_civilization_7

Skill      XL: |  1  2  3  4  5  6  7  8  9 10 11 12 13 14 |
---------------+-------------------------------------------+-----
Unarmed Combat | 4 5 6 8 10 11 12 14 15 | 15.6
Fighting       | 3 4 5 6 7 9 10 | 10.0
Dodging        | 3 4 5 6 7 8 9 10 | 10.0
Shields        | 1 2 3 5 6 7 8 9 |  9.0
Stealth        | |  1.0

Action                   |  1- 3 |  4- 6 |  7- 9 | 10-12 | 13-15 || total
-------------------------+-------+-------+-------+-------+-------++-------
Melee: Unarmed           |    53 |   124 |   250 |   539 |   349 ||  1315
       Punch             |     2 |       |       |       |       ||     2
       Kick              |       |       |       |       |    16 ||    16
Throw: Throwing net      |       |       |     1 |     1 |       ||     2
       Large rock        |       |       |       |       |     2 ||     2
Invok: Divine Shield     |       |       |       |       |     1 ||     1
Evoke: Wand              |       |       |       |       |     3 ||     3
  Use: Scroll            |       |       |       |    11 |    11 ||    22
       Potion            |       |       |       |       |    10 ||    10
 Stab: Sleeping          |       |     5 |     4 |       |       ||     9
  Eat: Chunk             |     2 |    13 |    36 |    33 |    21 ||   105
       Ration            |       |     1 |       |       |       ||     1
Armor: Robe              |    17 |    27 |    42 |    73 |    50 ||   209
Dodge: Dodged            |    24 |    40 |    72 |   216 |   161 ||   513
Block: Shield            |       |    38 |   101 |   234 |   192 ||   565

Table legend:
 A = Non-vault XP
 B = Vault XP
 C = Vault XP percentage of total XP
 D = Non-vault monster count
 E = Vault monster count
 F = Vault count percentage of total count
                 A         B        C        D         E       F
            +---------+---------+-------+---------+---------+-------
      Total |   55866 |   15006 |  21.2 |     288 |      51 |  15.0
            +---------+---------+-------+---------+---------+-------
        D:1 |      22 |       0 |   0.0 |      10 |       0 |   0.0
        D:2 |      95 |       2 |   2.1 |      22 |       1 |   4.3
        D:3 |      83 |       0 |   0.0 |      25 |       0 |   0.0
        D:4 |     504 |       0 |   0.0 |      12 |       0 |   0.0
        D:5 |     196 |     443 |  69.3 |      11 |       2 |  15.4
        D:6 |    1130 |     441 |  28.1 |      20 |       3 |  13.0
        D:7 |     538 |     651 |  54.8 |      12 |       1 |   7.7
        D:8 |    3855 |     679 |  15.0 |      26 |       4 |  13.3
     Lair:1 |    3691 |       0 |   0.0 |      21 |       0 |   0.0
     Lair:2 |    1471 |     928 |  38.7 |       9 |       2 |  18.2
     Lair:3 |     525 |     282 |  34.9 |       2 |       3 |  60.0
     Lair:4 |    9253 |       0 |   0.0 |      28 |       0 |   0.0
     Lair:5 |   18105 |     184 |   1.0 |      48 |       6 |  11.1
     Lair:6 |   10380 |   11396 |  52.3 |      30 |      29 |  49.2
    Slime:1 |    6018 |       0 |   0.0 |      12 |       0 |   0.0
            +---------+---------+-------+---------+---------+-------
